 Dungeon Crawl Stone Soup version 0.29-a0-670-g5ff2a30383 (webtiles) character file.

Game seed: 7815569654665813522

25 DeathSun the Cudgeller (level 2, -3/24 HPs)
             Began as a Demonspawn Monk on June 24, 2022.
             Slain by a gnoll
             ... wielding a +0 halberd
              (7 damage)
             ... on level 2 of the Dungeon.
             The game lasted 00:03:56 (1563 turns).

DeathSun the Cudgeller (Demonspawn Monk)            Turns: 1563, Time: 00:03:57

Health: -3/24      AC:  2    Str: 11    XL:     2   Next: 86%
Magic:  2/2        EV:  6    Int: 11    God:
Gold:   50         SH:  0    Dex: 15    Spells: 1/1 levels left

rFire   . . .      SeeInvis .   a - +0 mace
rCold   . . .      Faith    .   (no shield)
rNeg    . . .      Spirit   .   b - +0 robe
rPois   .          Reflect  .   (no helmet)
rElec   .          Harm     .   (no cloak)
rCorr   .          Rampage  .   (no gloves)
Will    .....                   (no boots)
Stlth   +.........              (no amulet)
HPRegen 0.08/turn               (no ring)
MPRegen 0.08/turn               (no ring)

@: confused, ambrosia-drunk, held
A: claws 1
a: no special abilities


You were on level 2 of the Dungeon.
You visited 1 branch of the dungeon, and saw 2 of its levels.

You collected 50 gold pieces.

Inventory:

Hand Weapons
 a - a +0 mace (weapon)
Armour
 b - a +0 robe (worn)
Jewellery
 f - a ring of flight
Wands
 l - a wand of charming (10)
Scrolls
 d - a scroll of amnesia {unknown}
 g - a scroll of noise {unknown}
 i - 6 scrolls of immolation
Potions
 e - 4 potions of curing {unknown}
 h - a potion of lignification {unknown}
 j - a potion of flight {unknown}
 k - a potion of attraction {unknown}
 m - a potion of heal wounds {unknown}


   Skills:
 - Level 3.0 Fighting
 - Level 3.3 Maces & Flails
 - Level 2.6 Dodging
 - Level 1.7 Stealth
 * Level 1.3 Unarmed Combat


You had one spell level left.
You didn't know any spells.
Your spell library was empty.

Dungeon Overview and Level Annotations

Branches:
Dungeon (2/15)

Altars:

Shops:
D:2 (


Innate Abilities, Weirdness & Mutations

You have sharp fingernails.


Message History

The helpless hobgoblin fails to defend itself.
You sock the hobgoblin!
You kill the hobgoblin!
No target in view!
Found Pyj Qaqa's Weapon Emporium.
Found an escape hatch in the ceiling.
There is an entrance to Pyj Qaqa's Weapon Emporium here.
You now have 50 gold pieces (gained 10).
You open the door.
Found a stone staircase leading up.
A quokka comes into view.
A quokka is nearby!
A quokka is nearby!
The helpless quokka fails to defend itself.
You hit the quokka.
You kill the quokka!
No target in view!
You see here a quokka corpse.
You open the door. 4 gnolls come into view.
The gnoll shouts! x3
The gnoll completely misses you.
The gnoll throws a throwing net.
The throwing net hits you.
You become entangled in the net!
There are monsters nearby!
There are monsters nearby!
There are monsters nearby!
You struggle against the net.
The gnoll hits you from afar with a +0 spear!
The gnoll hits you from afar with a +0 halberd!
* * * LOW HITPOINT WARNING * * *
You struggle against the net.
The gnoll hits you from afar with a +0 spear.
* * * LOW HITPOINT WARNING * * *
The gnoll barely misses you.
You are confused.
You feel invigorated.
The gnoll hits you from afar with a +0 spear.
* * * LOW HITPOINT WARNING * * *
The gnoll hits you from afar with a +0 halberd!
You die... #.# ..........# #.# .........# #.# ........# #.# ....... #.# .g... #.# ggg

###########.#
#'#
#........†..#
#@#
#.###########
#.# #.# #.#
#.# #.# #.#
#.# #.# #.#
#.# #.# #.#
#.# #.# #.#
#.#


You could see 4 gnolls.

Vanquished Creatures
  2 ball pythons (D:1)
  4 bats (D:1)
  4 endoplasms
  A giant cockroach (D:1)
  2 goblins (D:1)
  4 hobgoblins
  A quokka (D:2)
  2 kobolds (D:1)
  A rat (D:1)
21 creatures vanquished.

Notes
Turn   | Place    | Note
-------+----------+-------------------------------------------
     0 | D:1      | DeathSun the Demonspawn Monk began the quest for the Orb.
     0 | D:1      | Reached XP level 1. HP: 18/18 MP: 1/1
   608 | D:1      | Gained mutation: You have sharp fingernails. [demonic
                  | ancestry]
   608 | D:1      | Reached XP level 2. HP: 21/24 MP: 2/2
   912 | D:1      | Reached skill level 1 in Unarmed Combat
  1316 | D:2      | Found a faded altar of an unknown god.
  1372 | D:2      | Found Pyj Qaqa's Weapon Emporium.
  1563 | D:2      | Slain by a gnoll

Illustrated notes

Levels and vault maps discovered:
D:1:      minmay_arrival_shattered_statue, layout_loops_ring
D:2:      layout_basic, serial_shops, shop_statue,
          hellmonk_ecumenical_altar_blasted, minmay_statues_item

Skill      XL: |  1  2 |
---------------+-------+-----
Maces & Flails | 3 |  3.3
Unarmed Combat | 1 |  1.3
Fighting       | |  3.0
Dodging        | |  2.6
Stealth        | |  1.7

Action                   || total
-------------------------++-------
Melee: Mace              ||    48
  Use: Potion            ||     1
 Stab: Sleeping          ||     3
Armor: Robe              ||    14
Dodge: Dodged            ||    34

Table legend: (Time is in decaauts)
 A = Elapsed time spent in this place.
 B = Non-inter-level travel time spent in this place.
 C = Inter-level travel time spent in this place.
 D = Time resting spent in this place.
 E = Time spent auto-exploring this place.
 F = Levels seen in this place.
 G = Mean time per level.
                   A        B        C        D        E       F      G
               +--------+--------+--------+--------+--------+-----+--------+
         Total |   1575 |   1574 |      1 |    482 |    855 |   2 |  787.5 |
       Dungeon |   1575 |   1574 |      1 |    482 |    855 |   2 |  787.5 |
               +--------+--------+--------+--------+--------+-----+--------+

Top non-repeatable levels by time:
     D:1: 1209 daAuts
     D:2: 365 daAuts
